 Dungeon Crawl Stone Soup version 0.31-a0-836-g3ceb0a68c4 (webtiles) character file.

Game seed: 6715107202811381575

1493 subawu the Ruffian (level 8, -2/61 HPs)
             Began as a Gnoll Shapeshifter on Sept 26, 2023.
             Was a Plaything of Xom.
             Slain by a fire bat (8 damage)
             ... on level 6 of the Dungeon.
             The game lasted 00:24:08 (4700 turns).

subawu the Ruffian (Gnoll Shapeshifter)             Turns: 4700, Time: 00:24:09

Health: -2/61      AC: 12    Str: 15      XL:     8   Next: 81%
Magic:  13/13      EV:  5    Int:  9 (10) God:    Xom [......]
Gold:   157        SH:  0    Dex: 12      Spells: 14/14 levels left

rFire   . .          .
                       - Unarmed
rCold   . . .        (shield currently unavailable)
rNeg    . . .        o - +0 plate armour
rPois   .            C - +0 hat
rElec   .            l - +0 cloak
rCorr   .            (no gloves)
SInv    .            (no boots)
Will    .....        A - amulet of regeneration Stlth
                     (no ring)
HPRegen 1.10/turn    (no ring)
MPRegen 0.13/turn

%: no passive effects
@: lethally poisoned (-2 -> -11), flux-form, glowing
A: glow, contaminating, fangs 1, strong nose, distributed training
a: Begin Untransformation, Renounce Religion


You were on level 6 of the Dungeon.
You worshipped Xom.
You were a very special plaything of Xom.
You were something dangerously unstable.
You visited 1 branch of the dungeon, and saw 6 of its levels.

You collected 366 gold pieces.
You spent 209 gold pieces at shops.

Inventory:

Hand Weapons
 D - a +0 flail
Missiles
 p - 2 throwing nets
 z - 4 poisoned darts (quivered)
 K - 3 curare-tipped darts
Armour
 a - a +0 animal skin
 h - a +1 hat
 i - a +0 scale mail
 k - the +0 leather armour of Action {rF++}
   (You found it on level 2 of the Dungeon)

   rF++:      It greatly protects you from fire.
 l - a +0 cloak (worn)
 o - a +0 plate armour (worn)
 r - a +0 pair of boots
 C - a +0 hat (worn)
Jewellery
 f - an amulet of reflection
 n - an amulet of guardian spirit
 w - a ring of wizardry
 A - an amulet of regeneration (around neck)
Talismans
 c - a beast talisman
 d - a flux talisman (active)
 F - a maw talisman
Wands
 M - a wand of charming (2)
Scrolls
 b - a scroll of fear {unknown}
 e - 3 scrolls of poison {unknown}
 j - a scroll of enchant armour {unknown}
 m - a scroll of vulnerability {unknown}
 s - 2 scrolls of identify {unknown}
 t - 2 scrolls of teleportation {unknown}
 v - a scroll of immolation {unknown}
 y - a scroll of fog {unknown}
 E - a scroll of noise {unknown}
 G - a scroll of amnesia {unknown}
 L - a scroll of enchant weapon {unknown}
Potions
 g - a potion of heal wounds
 q - a potion of attraction {unknown}
 u - a potion of might {unknown}
 x - a potion of ambrosia {unknown}
 B - a potion of degeneration {unknown}
 H - a potion of curing
 I - a potion of mutation
 J - a potion of resistance {unknown}


   Skills:
 + Level 4.5 Fighting
 + Level 3.6 Short Blades
 + Level 3.6 Long Blades
 + Level 3.6 Axes
 + Level 3.6 Maces & Flails
 + Level 3.6 Polearms
 + Level 3.6 Staves
 + Level 3.6 Ranged Weapons
 + Level 3.6 Throwing
 + Level 3.6 Armour
 + Level 5.9 Dodging
 + Level 3.6 Stealth
 + Level 3.6 Shields
 + Level 7.5 Unarmed Combat
 + Level 3.6 Spellcasting
 + Level 3.0 Conjurations
 + Level 3.0 Hexes
 + Level 3.0 Summonings
 + Level 3.0 Necromancy
 + Level 3.0 Translocations
 + Level 3.0 Transmutations
 + Level 3.0 Fire Magic
 + Level 3.0 Ice Magic
 + Level 3.0 Air Magic
 + Level 3.0 Earth Magic
 + Level 3.0 Poison Magic
 + Level 4.0 Invocations
 + Level 3.6 Evocations
 + Level 7.4 Shapeshifting


You had 14 spell levels left.
You didn't know any spells.
Your spell library contained the following spells:

 Spells                   Type           Power      Damage    Failure   Level
 Sandblast                Erth           14%        2d6       99%         1
 Poisonous Vapours        Pois/Air       14%        N/A       100%        2
 Mephitic Cloud           Conj/Pois/Air  7%         N/A       100%        3
 Ozocubu's Armour         Ice            7%         N/A       100%        3
 Petrify                  Tmut/Erth      7%         N/A       100%        4
 Borgnjor's Vile Clutch   Necr/Erth      3%         N/A       100%        5
 Freezing Cloud           Conj/Ice/Air   3%         6-21      100%        5
 Metabolic Englaciation   Hex/Ice        3%         N/A       100%        5
 Simulacrum               Ice/Necr       3%         N/A       100%        6
 Haunt                    Necr/Summ      3%         N/A       100%        7
 Borgnjor's Revivificati  Necr           3%         N/A       100%        8
 Death's Door             Necr           3%         N/A       100%        9
 Shatter                  Erth           3%         3d7*      100%        9


Dungeon Overview and Level Annotations

Branches:
Dungeon (6/15)
 Temple: D:4-7

Altars:
Ashenzari
Dithmenos
Hepliaklqana
Makhleb
Nemelex Xobeh
Ru
Sif Muna
Vehumet
Xom
The Shining One

Shops:
D:2 *   D:5 !


Innate Abilities, Weirdness & Mutations

You are something dangerously unstable.
You glow with magical radiation, making you easy to see and hit.
Foes you strike become dangerously contaminated with magical radiation.
You are incapable of wielding weapons or throwing items.
You have very sharp teeth.
Your uncanny sense of smell can sniff out nearby items.
Your experience applies equally to all skills.


Message History

The fire bat completely misses your butterfly.
You swap places.
The fire bat bites your butterfly.
Your butterfly dies!
Your butterfly disappears in a puff of smoke!
You see here an iguana corpse.
The fire bat barely misses you. The fire bat bites your butterfly.
Your butterfly dies!
Your butterfly degenerates into a cloud of primal chaos!
The wight barely misses your butterfly. The fire bat bites you.
You are engulfed in flames!
* * * LOW HITPOINT WARNING * * *
"You have grown too confident for your meagre worth."
You feel dopey.
The fire bat completely misses your butterfly.
The wight barely misses your butterfly.
Xom decides to shift things around a little.
The fire bat blinks!
You are now a very special plaything of Xom.
The fire bat bites you but does no damage.
You open the door.
A water moccasin comes into view.
The water moccasin hisses angrily.
The fire bat bites you.
You are engulfed in flames.
* * * LOW HITPOINT WARNING * * *
The wight hits your butterfly with a +0 falchion!
Your butterfly dies!
Your butterfly disappears in a puff of smoke!
A wight comes into view. It is wielding a +0 great sword.
The water moccasin bites you but does no damage.
You hit the water moccasin.
The water moccasin begins to glow.
The water moccasin is lightly wounded.
The fire bat barely misses you. The wight barely misses your butterfly.
The water moccasin bites you.
* * * LOW HITPOINT WARNING * * *
You are poisoned.
The water moccasin poisons you! The fire bat bites you.
* * * LOW HITPOINT WARNING * * *
You are engulfed in flames!
You die...
Xom howls with laughter!

.. ....##....###......#
.....#......####..)....
.....###...###.....###.
....#####....8.......
.....#....#.........
..........b.b8.8... ∆
.....b.....b.b..#####
)........#...8b8#...#
.....#..z.bhz..pS...#
.....####†.....8#...# .
##......# ### ∆
##..8.8.... #.........
∆ ......8.....
..#..###..... ###...
..... ##... ...


You could see a water moccasin (contam), a black bear, a fire bat and 2 wights.

Vanquished Creatures
  Sigmund (D:2)
  A black bear (D:6)
  A sky beast (D:6)
  2 ogres (D:5)
  2 scorpions
  A howler monkey (D:6)
  5 hounds
  A gnoll bouda (D:5)
  3 orc priests
  3 sleepcaps
  Jessica (D:2)
  4 orc wizards
  4 iguanas
  Natasha (twice) (D:2)
  An adder (D:5)
  9 gnolls
  A white imp (D:6)
  An ufetubus (D:4)
  5 worms
  A dart slug (D:1)
  14 orcs
  7 bats
  4 endoplasms
  4 giant cockroaches
  9 hobgoblins
  2 jackals (D:1)
  7 kobolds
  2 quokkas
  10 ball pythons
  6 frilled lizards
  5 goblins
  2 rats (D:1)
121 creatures vanquished.

Notes
Turn   | Place    | Note
-------+----------+-------------------------------------------
     0 | D:1      | subawu the Gnoll Shapeshifter began the quest for the Orb.
     0 | D:1      | Reached XP level 1. HP: 17/17 MP: 1/1
   165 | D:1      | Reached XP level 2. HP: 23/23 MP: 2/2
   623 | D:2      | Reached XP level 3. HP: 15/28 MP: 3/3
   646 | D:2      | Identified the +0 leather armour of Action {rF++}
   692 | D:2      | Found Pecil Cinge's General Store.
   698 | D:2      | Bought a potion of heal wounds for 55 gold pieces
   818 | D:2      | Reached skill level 1 in Invocations
   840 | D:2      | Noticed Jessica
   844 | D:2      | Killed Jessica
   845 | D:2      | Reached skill level 1 in Short Blades
   845 | D:2      | Reached skill level 1 in Long Blades
   845 | D:2      | Reached skill level 1 in Axes
   845 | D:2      | Reached skill level 1 in Maces & Flails
   845 | D:2      | Reached skill level 1 in Polearms
   845 | D:2      | Reached skill level 1 in Staves
   845 | D:2      | Reached skill level 1 in Ranged Weapons
   845 | D:2      | Reached skill level 1 in Throwing
   845 | D:2      | Reached skill level 1 in Armour
   845 | D:2      | Reached skill level 1 in Stealth
   845 | D:2      | Reached skill level 1 in Shields
   845 | D:2      | Reached skill level 1 in Spellcasting
   845 | D:2      | Reached skill level 1 in Evocations
   845 | D:2      | Reached XP level 4. HP: 25/34 MP: 5/5
  1029 | D:2      | Noticed Natasha
  1036 | D:2      | Killed Natasha
  1037 | D:2      | Reached skill level 1 in Conjurations
  1037 | D:2      | Reached skill level 1 in Hexes
  1037 | D:2      | Reached skill level 1 in Summonings
  1037 | D:2      | Reached skill level 1 in Necromancy
  1037 | D:2      | Reached skill level 1 in Translocations
  1037 | D:2      | Reached skill level 1 in Transmutations
  1037 | D:2      | Reached skill level 1 in Fire Magic
  1037 | D:2      | Reached skill level 1 in Ice Magic
  1037 | D:2      | Reached skill level 1 in Air Magic
  1037 | D:2      | Reached skill level 1 in Earth Magic
  1037 | D:2      | Reached skill level 1 in Poison Magic
  1105 | D:2      | Noticed Sigmund
  1112 | D:2      | Killed Sigmund
  1113 | D:2      | Reached XP level 5. HP: 33/41 MP: 5/7
  1113 | D:2      | Reached XP level 6. HP: 38/47 MP: 5/8
  1212 | D:2      | Found a faded altar of an unknown god.
  1488 | D:2      | Noticed Natasha
  1497 | D:2      | Killed Natasha
  1498 | D:2      | Reached skill level 5 in Dodging
  2082 | D:3      | Got a foxed book
  2765 | D:4      | Reached XP level 7. HP: 42/52 MP: 10/10
  3160 | D:4      | Found a shadowy altar of Dithmenos.
  3585 | D:5      | Entered Level 5 of the Dungeon
  3674 | D:5      | Found a broken altar of Ashenzari.
  3675 | D:5      | Found a shimmering blue altar of Sif Muna.
  3819 | D:5      | Found Qishanent's Distillery.
  3828 | D:5      | Reached XP level 8. HP: 52/60 MP: 12/12
  3889 | D:5      | Bought 2 potions of curing for 66 gold pieces
  3889 | D:5      | Bought a potion of mutation for 88 gold pieces
  3902 | D:5      | Found a hazy altar of Hepliaklqana.
  4290 | D:5      | Found a burning altar of Makhleb.
  4448 | D:5      | Found a sacrificial altar of Ru.
  4455 | D:5      | Found a sparkling altar of Nemelex Xobeh.
  4459 | D:5      | Found a glowing golden altar of the Shining One.
  4461 | D:5      | Found a shimmering altar of Xom.
  4469 | D:5      | Found a radiant altar of Vehumet.
  4473 | D:5      | Became a worshipper of Xom the Begetter of Turbulence
  4547 | D:5      | XOM: divination: detect creatures
  4596 | D:6      | XOM: silly message
  4647 | D:6      | XOM: polymorph scorpion -> fire bat
  4688 | D:6      | XOM: scenery: summon butterflies
  4695 | D:6      | XOM: stat loss: -1 Int (9/10)
  4696 | D:6      | XOM: blink monster(s)
  4700 | D:6      | Slain by a fire bat

Illustrated notes

Levels and vault maps discovered:
D:1:      nicolae_arrival_memento_mori, layout_rooms
D:2:      layout_loops_corners, serial_shops, shop,
          shapermc_ecumenical_altar_acropolis, minmay_misc_feat_plants,
          kennysheep_generic_room_10, uniq_sigmund, uniq_natasha, uniq_jessica
D:3:      minmay_chambers_of_twos, layout_loops_cross
D:4:      layout_cave_pools, overflow_temple_1_default, bh_walls_and_bars
D:5:      layout_basic, nzn_hepliaklqana_mist_gate,
          nicolae_overflow_hallway_of_the_gods,
          mainiacjoe_overflow_divided_tiny, makhleb_blood_cavern_becter,
          serial_shops, nicolae_diamond_shop
D:6:      layout_cave_pools, mainiacjoe_overflow_paths, bloody_trog,
          minmay_temple_entry_large_hall, serial_column_ruins,
          column_ruins_hut_pillars, column_ruins_columns_dead_end,
          column_ruins_grid_3, column_ruins_corridor_straight,
          column_ruins_open_small, column_ruins_open_tiny, minmay_curled_crystal

Skill      XL: |  1  2  3  4  5  6  7  8 |
---------------+-------------------------+-----
Invocations    | 1 2 3 4 |  4.0
Short Blades   | 1 2 3 |  3.6
Long Blades    | 1 2 3 |  3.6
Axes           | 1 2 3 |  3.6
Maces & Flails | 1 2 3 |  3.6
Polearms       | 1 2 3 |  3.6
Staves         | 1 2 3 |  3.6
Ranged Weapons | 1 2 3 |  3.6
Throwing       | 1 2 3 |  3.6
Armour         | 1 2 3 |  3.6
Stealth        | 1 2 3 |  3.6
Shields        | 1 2 3 |  3.6
Spellcasting   | 1 2 3 |  3.6
Evocations     | 1 2 3 |  3.6
Conjurations   | 1 2 3 |  3.0
Hexes          | 1 2 3 |  3.0
Summonings     | 1 2 3 |  3.0
Necromancy     | 1 2 3 |  3.0
Translocations | 1 2 3 |  3.0
Transmutations | 1 2 3 |  3.0
Fire Magic     | 1 2 3 |  3.0
Ice Magic      | 1 2 3 |  3.0
Air Magic      | 1 2 3 |  3.0
Earth Magic    | 1 2 3 |  3.0
Poison Magic   | 1 2 3 |  3.0
Fighting       | 3 4 |  4.5
Dodging        | 5 |  5.9
Unarmed Combat | 7 |  7.5
Shapeshifting  | 7 |  7.4

Action                     |  1- 3 |  4- 6 |  7- 9 || total
---------------------------+-------+-------+-------++-------
  Melee: Unarmed           |    54 |   106 |   176 ||   336
         Bite              |     6 |     9 |    15 ||    30
         Punch             |       |     1 |     4 ||     5
  Throw: Dart              |       |       |     4 ||     4
    Use: Potion            |       |     1 |     6 ||     7
 Armour: Animal skin       |    12 |       |       ||    12
         Scale mail        |    21 |    31 |       ||    52
         Skin              |       |     1 |    33 ||    34
         Plate armour      |       |    79 |   257 ||   336
  Dodge: Dodged            |    46 |    42 |    62 ||   150
  Block: Other             |    10 |    24 |    13 ||    47
         Reflection        |       |       |     1 ||     1
         Form:             |     1 |     1 |       ||     2
         Beast             |     1 |     1 |       ||     2
         Flux              |       |       |     1 ||     1

Table legend: (Time is in decaauts)
 A = Elapsed time spent in this place.
 B = Non-inter-level travel time spent in this place.
 C = Inter-level travel time spent in this place.
 D = Time resting spent in this place.
 E = Time spent auto-exploring this place.
 F = Levels seen in this place.
 G = Mean time per level.
                   A        B        C        D        E       F      G
               +--------+--------+--------+--------+--------+-----+--------+
         Total |   4671 |   4547 |    124 |    342 |   2239 |   6 |  778.5 |
       Dungeon |   4671 |   4547 |    124 |    342 |   2239 |   6 |  778.5 |
               +--------+--------+--------+--------+--------+-----+--------+

Top non-repeatable levels by time:
     D:2: 1143 daAuts
     D:3: 1042 daAuts
     D:5: 971 daAuts
     D:4: 823 daAuts
     D:1: 565 daAuts
     D:6: 127 daAuts
